AoeStats
← Rattack

Arabian Desert

510049030Analyzed
1v1 RM · 4d ago on Sep 29, 2026· 21m 54s· 2 players
Game mode
Random Map
Map size
Tiny (2 player)
Population
200
Speed
Normal
Resources
Standard
Victory
Conquest
Starting age
Dark Age
Ending age
Imperial Age
RankedLock teamsTeams togetherTeam positionsShared explorationLock speedFull tech treeHidden civsTurbo modeCheats
Victory
Defeat
🇫🇮 Huns · Finland
1604
+14
🇭🇰 Shu · Hong Kong SAR China
1556
-14
Archer_4794
7:00 Loom
9:07 Feudal Age
10:19 Double-Bit Axe
14:24 Fletching
20:08 Horse Collar
Rattack
7:18 Loom
10:01 Feudal Age
10:08 Man-at-Arms
14:07 Double-Bit Axe
17:54 Fletching
21:32 Castle Age
21:27 Horse Collar
21:34 Crossbowman
22:17 Bodkin Arrow
21:48 Elite Skirmisher
Connection lost

Rejoining the realm…

Still unreachable

The connection could not be restored.

Session expired

The server has moved on; the page needs a fresh start.